 Dungeon Crawl Stone Soup version 0.29.1-2-gbd0b4ee654 (webtiles) character file.

Game seed: 9572092581903649987

356 croobank the Ducker (level 6, 0/45 HPs)
             Began as a Felid Berserker on Nov 26, 2022.
             Was a Believer of Trog.
             Slain by an ogre
             ... wielding a +0 giant club
              (11 damage)
             ... on level 5 of the Dungeon.
             The game lasted 00:18:08 (3856 turns).

croobank the Ducker (Felid Berserker)               Turns: 3856, Time: 00:18:09

Health: 0/45       AC:  2    Str: 21    XL:     6   Next: 36%
Magic:  7/7        EV: 20    Int:  8    God:    Trog [**....]
Gold:   242        SH:  0    Dex: 16    Spells: 5/5 levels left
                                        Lives:  0   Deaths: 1

rFire   . . .      SeeInvis +     - Unarmed
rCold   . . .      Faith    .   (shield unavailable)
rNeg    + . .      Spirit   .   (body armour unavailable)
rPois   .          Reflect  .   (helmet unavailable)
rElec   .          Harm     .   (cloak unavailable)
rCorr   .          Rampage  .   (gloves unavailable)
Will    .....                   (boots unavailable)
Stlth   ..........              (no amulet)
HPRegen 0.15/turn               e - ring of positive energy
MPRegen 0.10/turn               h - ring of Hepliaklqana's Fury {Str+6 SInv}

@: berserking, very quick
A: very small, claws 1, fangs 3, see invisible, speed 1, shaggy fur 2, stealthy
paws, no weapons or thrown items, no armour, multi-lived
a: Renounce Religion, Berserk, Trog's Hand


You were on level 5 of the Dungeon.
You worshipped Trog.
Trog was pleased with you.
You visited 1 branch of the dungeon, and saw 8 of its levels.

You collected 242 gold pieces.

Inventory:

Jewellery
 e - a ring of positive energy (left paw)
 h - the ring of Hepliaklqana's Fury (right paw) {Str+6 SInv}
   (You found it on level 5 of the Dungeon)

   [ring of strength]

   Str:       It affects your strength (+6).
   SInv:      It lets you see invisible.
Scrolls
 b - 2 scrolls of noise
 g - a scroll of teleportation
 j - 2 scrolls of amnesia
Potions
 a - 3 potions of curing
 c - a potion of heal wounds
 d - a potion of magic
 f - a potion of flight
 i - a potion of degeneration {unknown}
 k - 2 potions of resistance {unknown}
 l - 2 potions of mutation {unknown}


   Skills:
 + Level 5.1 Fighting
 + Level 6.7 Dodging
 + Level 5.0 Unarmed Combat


You had 5 spell levels left.
You didn't know any spells.
Your spell library was empty.

Dungeon Overview and Level Annotations

Branches:
Dungeon (8/15)
 Temple: D:4-7         Lair: D:8-11

Altars:

Portals:
Sewer: D:4


Innate Abilities, Weirdness & Mutations

You have sharp claws.
You have razor-sharp teeth.
You have supernaturally acute eyesight. (SInv)
You cover ground quickly. (Speed+)
You are covered in thick fur. (AC +2)
Your paws help you pounce on unaware monsters.
You are incapable of wielding weapons or throwing items.
You cannot wear armour.
You gain extra lives every three experience levels.


Message History

You feel yourself speed up.
You scratch the iguana.
The iguana is lightly wounded.
The iguana misses you.
You scratch the iguana.
The iguana is heavily wounded.
The iguana closely misses you.
You scratch the iguana. Your bite misses the iguana.
The iguana is heavily wounded.
The iguana completely misses you.
You claw the iguana!
The iguana is almost dead.
You barely miss the iguana.
The iguana is almost dead.
The iguana completely misses you.
You claw the iguana!
You kill the iguana!
Trog accepts your kill.
Things that are here:
an iguana corpse; an adder corpse You recover from your berserk rage.
Found 6 stones.
You now have 242 gold pieces (gained 13).
Found a stone staircase leading down.
There is a stone staircase leading down here.
You open the door.
Found a falchion.
There is an open door here.
An ogre comes into view. It is wielding a +0 giant club.
You scratch the ogre.
The ogre is lightly wounded.
The ogre hits you with a +0 giant club!!
Ouch! That really hurt!
* * * LOW HITPOINT WARNING * * *
A red film seems to cover your vision as you go berserk!
You feel yourself moving faster!
You feel mighty!
You claw the ogre!
The ogre is heavily wounded.
The ogre hits you with a +0 giant club!
You die...

###########
#..........
######
#.#########
#....# #.# #....
#.###....####.#
#.###
#....O@.......#
#.#
....#########..#
#.# .
#..#####.###
..#..##)......
#.#..##.......
#.#..##.......
#.#..##.......
#.#..##....... #
# #.#..##.......


You could see an ogre.

Vanquished Creatures
  A scorpion (D:4)
  2 hounds (D:5)
  Jessica (D:3)
  Natasha (thrice) (D:3)
  2 iguanas (D:5)
  3 orc wizards
  An adder (D:5)
  A river rat (D:4)
  A white imp (D:5)
  2 worms
  6 dart slugs
  5 orcs
  11 ball pythons
  7 bats
  6 giant cockroaches
  5 goblins
  7 hobgoblins
  3 jackals (D:2)
  3 kobolds (D:1)
  A quokka (D:1)
  5 frilled lizards
  6 rats
82 creatures vanquished.

Vanquished Creatures (others)
  4 fungi (D:3)
  2 plants (D:3)
6 creatures vanquished.

Grand Total: 88 creatures vanquished

Notes
Turn   | Place    | Note
-------+----------+-------------------------------------------
     0 | D:1      | croobank the Felid Berserker began the quest for the Orb.
     0 | D:1      | Reached XP level 1. HP: 10/10 MP: 2/2
   193 | D:1      | Reached XP level 2. HP: 13/14 MP: 3/3
   710 | D:1      | Reached ** piety under Trog
   711 | D:1      | Reached XP level 3. HP: 17/17 MP: 4/4
  1900 | D:2      | Reached skill level 5 in Dodging
  2010 | D:2      | Reached XP level 4. HP: 22/22 MP: 5/5
  2032 | D:3      | Noticed Jessica
  2044 | D:3      | Killed Jessica
  2056 | D:3      | Found a faded altar of an unknown god.
  2395 | D:3      | Noticed Natasha
  2627 | D:3      | Killed Natasha
  2643 | D:3      | Noticed Natasha
  2649 | D:3      | Killed Natasha
  2650 | D:3      | Reached XP level 5. HP: 22/25 MP: 6/6
  2772 | D:3      | Noticed Natasha
  2851 | D:4      | Found a glowing drain.
  3048 | D:3      | Killed Natasha
  3089 | D:4      | Killed from afar by an orc priest
  3090 | D:4      | Reached XP level 4. HP: 0/22 MP: 5/5
  3138 | D:4      | Noticed a scorpion
  3145 | D:5      | Entered Level 5 of the Dungeon
  3149 | D:5      | Reached skill level 6 in Dodging
  3149 | D:5      | Reached XP level 5. HP: 25/25 MP: 6/6
  3190 | D:5      | You fall into a shaft and drop 3 floors!
  3206 | D:8      | Identified the +7 rapier of the Final Chapter {vamp, Dex+4}
  3304 | D:5      | Identified the ring of Hepliaklqana's Fury {Str+6 SInv}
  3695 | D:5      | Gained mutation: You are covered in thick fur. (AC +2)
                  | [Felid growth]
  3695 | D:5      | Reached XP level 6. HP: 30/30 MP: 7/7
  3733 | D:5      | Reached skill level 5 in Fighting
  3759 | D:5      | Reached skill level 5 in Unarmed Combat
  3856 | D:5      | Slain by an ogre

Illustrated notes

Levels and vault maps discovered:
D:1:      heliophobic_arrival_battle_scene, layout_loops_cross
D:2:      layout_basic
D:3:      layout_rooms, dreamdust_ecumenical_altar_grove, uniq_natasha,
          uniq_jessica
D:4:      layout_loops_corners, cheibrodos_sewer_entry_sluice
D:5:      layout_basic, temple_hall, serial_curves, eino_curves_02,
          eino_curves_03, eino_curves_02
D:6:      layout_rooms, marbit_many_paths, ebering_ghost_sewer_d,
          minmay_misc_feat_nine_boxes
D:7:      layout_loops_ring, serial_shops, nicolae_shop_hallway_stairs,
          grunt_ogre_cave, uniq_prince_ribbit1
D:8:      layout_basic, lemuel_tele_altar, nicolae_wooded_promenade,
          minmay_hedge_maze

Skill      XL: |  1  2  3  4  5  6 |
---------------+-------------------+-----
Dodging        | 5 6 |  6.7
Fighting       | 4 5 |  5.1
Unarmed Combat | 4 5 |  5.0

Action                   |  1- 3 |  4- 6 || total
-------------------------+-------+-------++-------
Melee: Unarmed           |   107 |   115 ||   222
       Bite              |    11 |     9 ||    20
       Punch             |     3 |     2 ||     5
Invok: Berserk           |     1 |     8 ||     9
  Use: Scroll            |     3 |     7 ||    10
       Potion            |       |     3 ||     3
 Stab: Sleeping          |     4 |       ||     4
Armor: Skin              |     9 |     2 ||    11
Dodge: Dodged            |    78 |    95 ||   173
